 Dungeon Sprint DCSS version 0.30-a0-737-gf23d94013f (webtiles) character file.

Game seed: 8757856426773681035

6019 sircluck the Grappler (level 10, -3/77 HPs)
             Began as a Troll Fighter on Feb 2, 2023.
             Slain by a demonic crawler (10 damage)
             ... in the Dungeon (Sprint I: "Red Sonja").
             The game lasted 00:06:28 (2113 turns).

sircluck the Grappler (Troll Fighter)               Turns: 2113, Time: 00:06:29

Health: -3/77      AC:  3    Str: 26      XL:     10   Next: 56%
Magic:  6/6        EV:  9    Int: -1 (0)  God:
Gold:   457        SH: 10    Dex:  3 (5)  Spells: 9/9 levels left

rFire   . . .      SeeInvis .      - Unarmed
rCold   x . .      Faith    .    b - +0 kite shield
rNeg    . . .      Spirit   .    a - +0 robe
rPois   .          Reflect  .    (helmet restricted)
rElec   .          Harm     .    (no cloak)
rCorr   .          Rampage  .    (gloves unavailable)
Will    .....      Rage     9%   (boots unavailable)
Stlth   +          NoTele   +    (no amulet)
HPRegen 1.12/turn                (no ring)
MPRegen 0.10/turn                (no ring)

@: slowed, lost intelligence, unable to read, unable to drink, very slow
A: large, unfitting armour, claws 3, regeneration 1, shaggy fur 1, tough skin 1,
berserk 2, clumsy 2, deformed body, deterioration 2, dopey 2, frail 3, low MP 3,
screaming 2, weak 2, no potion heal 2, cold vulnerability 1, subdued magic 3,
inability to drink after injury 2, inability to read after injury 2
a: no special abilities


You were in the Dungeon.
You visited 1 branch You collected 821 gold pieces.
You spent 364 gold pieces at shops.

Inventory:

Hand Weapons
 c - a +0 scythe of venom
 k - a +0 giant club
 m - a +1 dagger of distortion
Missiles
 e - 8 stones
 n - 5 curare-tipped darts
Armour
 a - a +0 robe (worn)
 b - a +0 kite shield (worn)
Wands
 d - a wand of polymorph (5)
 j - a wand of iceblast (9)
Scrolls
 i - a scroll of blinking
 l - a scroll of fog {unknown}
 o - a scroll of fear
 p - 2 scrolls of identify (quivered)
 t - a scroll of vulnerability {unknown}
Potions
 f - a potion of haste
 g - 2 potions of magic
 h - a potion of berserk rage
 q - a potion of cancellation
 r - 6 potions of curing
 s - a potion of might


   Skills:
 + Level 10.1 Fighting
 + Level 10.0 Dodging
 + Level 2.5 Stealth
 + Level 11.8 Shields
 + Level 14.7 Unarmed Combat
 + Level 2.1 Evocations


You had 9 spell levels left.
You didn't know any spells.
Your spell library was empty.

Dungeon Overview and Level Annotations

Branches:
Dungeon (1/1)

Altars:
Cheibriados
Dithmenos
Elyvilon
Fedhas
Gozag
Hepliaklqana
Kikubaaqudgha
Makhleb
Nemelex Xobeh
Okawaru
Qazlal
Ru
Sif Muna
Trog
Uskayaw
Vehumet
Wu Jian
Xom
Yredelemnul
Zin
The Shining One
Jiyva
Lugonu

Shops:
D [[*[!:


Innate Abilities, Weirdness & Mutations

You are too large for most types of armour.
You have claws for hands.
Your natural rate of healing is unusually fast.
You are covered in fur. (AC +1)
You have tough skin. (AC +1)
You have an uncontrollable temper.
You are very clumsy. (Dex -4)
Armour fits poorly on your strangely shaped body.
Your body often deteriorates upon taking damage.
You are very dopey. (Int -4)
You are extremely frail. (-30% HP)
Your magical capacity is extremely low. (-30% MP)
You frequently scream uncontrollably at your foes.
You are very weak. (Str -4)
Potions cannot restore your health.
You are vulnerable to cold. (rC-)
Your spells are much easier to cast, but much less powerful.
You sometimes lose the ability to drink potions when taking damage.
You sometimes lose the ability to read scrolls when taking damage.


Message History

The shadow imp disappears in a puff of smoke!
The ufetubus disappears in a puff of smoke!
Things that are here:
a +0 dagger; a +0 robe; a kobold corpse
There is an open door, spattered with blood here.
Things that are here:
a +0 dagger; a +0 robe; a kobold corpse As you open the door, it creaks loudly! 4 demonic crawlers come into view.
The demonic crawler gives a hideous shriek! x3
You block the demonic crawler's attack. x2
The demonic crawler barely misses you.
You claw the demonic crawler!
The demonic crawler is lightly wounded.
The demonic crawler closely misses you. The demonic crawler hits you.
The demonic crawler hits you! You block the demonic crawler's attack.
The demonic crawler hits you. The demonic crawler barely misses you.
You claw the demonic crawler!
The demonic crawler is moderately wounded.
The demonic crawler hits you!
You feel threatened and lose the ability to read scrolls!
You feel threatened and lose the ability to drink potions!
You block the demonic crawler's attack. x2; The demonic crawler hits you!
Your body deteriorates!
You feel clumsy. The demonic crawler hits you!
Your body deteriorates!
You feel clumsy. You block the demonic crawler's attack.
The demonic crawler barely misses you. The demonic crawler hits you!
* * * LOW HITPOINT WARNING * * *
The demonic crawler closely misses you.
Aiming: Polymorph
Press: ? - help, Q - select action, (/) - cycle Shift-Dir - straight line, f - demonic crawler
Aim: a demonic crawler (will become a rust devil, a hell hog, or an apocalypse crab, chance to affect: 21%)
The demonic crawler resists with almost no effort.
You block the demonic crawler's attack. The demonic crawler closely misses you.
The demonic crawler hits you!
* * * LOW HITPOINT WARNING * * *
Your body deteriorates!
You feel dopey. The demonic crawler closely misses you.
The demonic crawler hits you!
You die...

##################
.#.['..#_§#..)...#
.'..#..'..'.)#..s##+#
'#####'#__####..@ss.#
.#...#.####§)#####s.+
##..##.#§§~..#..# ##
_##'#§§'§)§..§..#
..'..§§#~§§§§#..#
_##_.#'##+#####+#
_###'#.# ####.###
..'...+


You could see 4 demonic crawlers.

Vanquished Creatures
  2 centaur warriors (D)
  8 shining eyes (D)
  2 kobold demonologists (D)
  A hornet (D)
  A slime creature (D)
  Sigmund (D)
  A yak (D)
  5 floating eyes (D)
  An ogre (D)
  A wolf (D)
  A jelly (D)
  Ijyb (D)
25 creatures vanquished.

Vanquished Creatures (others)
  2 ballistomycete spores (D)
2 creatures vanquished.

Grand Total: 27 creatures vanquished

Notes
Turn   | Place    | Note
-------+----------+-------------------------------------------
     0 | D        | sircluck the Troll Fighter began the quest for the Orb.
     0 | D        | Reached XP level 1. HP: 22/22 MP: 0/0
     2 | D        | Noticed Ijyb
    18 | D        | Killed Ijyb
    19 | D        | Reached XP level 2. HP: 9/31 MP: 1/1
    40 | D        | Noticed an ogre
    42 | D        | Killed an ogre
    43 | D        | Reached skill level 5 in Shields
    43 | D        | Reached skill level 3 in Unarmed Combat
    43 | D        | Reached XP level 3. HP: 40/40 MP: 2/2
    43 | D        | Reached XP level 4. HP: 49/49 MP: 3/3
    57 | D        | Noticed Sigmund
    72 | D        | Killed Sigmund
    73 | D        | Reached skill level 5 in Unarmed Combat
    73 | D        | Reached XP level 5. HP: 19/59 MP: 4/4
    73 | D        | Reached XP level 6. HP: 22/67 MP: 5/5
   136 | D        | Found an ornate altar of the Wu Jian Council.
   136 | D        | Found a shimmering blue altar of Sif Muna.
   138 | D        | Found a radiant altar of Vehumet.
   186 | D        | Noticed Sonja
   188 | D        | Sonja changed into Sonja the wolf
   188 | D        | Noticed Sonja
   192 | D        | Killed Sonja the wolf
   212 | D        | Found Xuiqoupt's Armour Boutique.
   238 | D        | Found Kasm's Antique Armour Emporium.
   238 | D        | Found an ancient bone altar of Kikubaaqudgha.
   238 | D        | Found a hazy altar of Hepliaklqana.
   238 | D        | Found a stormy altar of Qazlal.
   238 | D        | Found a hide-covered altar of Uskayaw.
   238 | D        | Found a blossoming altar of Fedhas.
   238 | D        | Found a bloodstained altar of Trog.
   238 | D        | Found an iron altar of Okawaru.
   238 | D        | Found a basalt altar of Yredelemnul.
   238 | D        | Found a glowing golden altar of the Shining One.
   238 | D        | Found a snail-covered altar of Cheibriados.
   238 | D        | Found a sacrificial altar of Ru.
   238 | D        | Found a glowing silver altar of Zin.
   238 | D        | Found a shadowy altar of Dithmenos.
   238 | D        | Found a white marble altar of Elyvilon.
   238 | D        | Noticed a yak
   239 | D        | Found an opulent altar of Gozag.
   243 | D        | Killed a yak
   244 | D        | Reached skill level 6 in Unarmed Combat
   244 | D        | Reached XP level 7. HP: 72/78 MP: 6/6
   244 | D        | Found a sparkling altar of Nemelex Xobeh.
   274 | D        | Noticed a shining eye
   274 | D        | Noticed a shining eye
   274 | D        | Noticed a shining eye
   274 | D        | Noticed a shining eye
   274 | D        | Noticed a shining eye
   274 | D        | Noticed a shining eye
   275 | D        | Gained mutation: You occasionally lose the ability to read
                  | scrolls when taking damage. [a shining eye]
   275 | D        | Gained mutation: You are clumsy. (Dex -2) [a shining eye]
   276 | D        | Gained mutation: You are vulnerable to cold. (rC-) [a
                  | shining eye]
   276 | D        | Gained mutation: Your spells are a little easier to cast,
                  | but a little less powerful. [a shining eye]
   277 | D        | Paralysed by a floating eye for 2 turns
   277 | D        | Gained mutation: You occasionally shout uncontrollably at
                  | your foes. [a shining eye]
   278 | D        | Reached skill level 7 in Unarmed Combat
   279 | D        | Gained mutation: You are weak. (Str -2) [a shining eye]
   279 | D        | Gained mutation: You are frail. (-10% HP) [a shining eye]
   279 | D        | Gained mutation: You sometimes lose your temper in combat.
                  | [a shining eye]
   279 | D        | Gained mutation: You are very weak. (Str -4) [a shining
                  | eye]
   280 | D        | Gained mutation: Your magical capacity is low. (-10% MP) [a
                  | shining eye]
   280 | D        | Gained mutation: You sometimes lose the ability to read
                  | scrolls when taking damage. [a shining eye]
   281 | D        | Gained mutation: You are very clumsy. (Dex -4) [a shining
                  | eye]
   281 | D        | Gained mutation: Your magical capacity is very low. (-20%
                  | MP) [a shining eye]
   282 | D        | Gained mutation: You frequently scream uncontrollably at
                  | your foes. [a shining eye]
   282 | D        | Paralysed by a floating eye for 3 turns
   282 | D        | Gained mutation: Your magical capacity is extremely low.
                  | (-30% MP) [a shining eye]
   283 | D        | Lost mutation: You are very weak. (Str -4) [a shining eye]
   284 | D        | Gained mutation: You are dopey. (Int -2) [a shining eye]
   285 | D        | Gained mutation: Your spells are easier to cast, but less
                  | powerful. [a shining eye]
   286 | D        | Gained mutation: You occasionally lose the ability to drink
                  | potions when taking damage. [a shining eye]
   287 | D        | Killed a shining eye
   288 | D        | Reached skill level 8 in Unarmed Combat
   288 | D        | Reached skill level 1 in Evocations
   288 | D        | Reached XP level 8. HP: 79/79 MP: 4/4
   289 | D        | Gained mutation: Armour fits poorly on your strangely
                  | shaped body. [a shining eye]
   289 | D        | Paralysed by a floating eye for 2 turns
   289 | D        | Gained mutation: You are very weak. (Str -4) [a shining
                  | eye]
   290 | D        | Gained mutation: You have an uncontrollable temper. [a
                  | shining eye]
   291 | D        | Gained mutation: You are very frail. (-20% HP) [a shining
                  | eye]
   291 | D        | Gained mutation: You sometimes lose the ability to drink
                  | potions when taking damage. [a shining eye]
   292 | D        | Killed a shining eye
   292 | D        | Paralysed by a floating eye for 4 turns
   292 | D        | Gained mutation: Potions are less effective at restoring
                  | your health. [a shining eye]
   293 | D        | Reached skill level 9 in Unarmed Combat
   298 | D        | Killed a shining eye
   298 | D        | Gained mutation: Potions cannot restore your health. [a
                  | shining eye]
   298 | D        | Gained mutation: Your spells are much easier to cast, but
                  | much less powerful. [a shining eye]
   299 | D        | Reached skill level 10 in Shields
   304 | D        | Reached skill level 10 in Unarmed Combat
   304 | D        | Reached XP level 9. HP: 78/78 MP: 5/5
   304 | D        | Noticed a shining eye
   304 | D        | Noticed a shining eye
   306 | D        | Gained mutation: Your body sometimes deteriorates upon
                  | taking damage. [a shining eye]
   307 | D        | Gained mutation: Your body often deteriorates upon taking
                  | damage. [a shining eye]
   308 | D        | Gained mutation: You are extremely frail. (-30% HP) [a
                  | shining eye]
   309 | D        | Killed a shining eye
   310 | D        | Killed a shining eye
   311 | D        | Reached skill level 11 in Unarmed Combat
   312 | D        | Killed a shining eye
   321 | D        | Killed a shining eye
   321 | D        | Lost intelligence.
   321 | D        | Gained mutation: You are very dopey. (Int -4) [a shining
                  | eye]
   322 | D        | Reached skill level 12 in Unarmed Combat
   326 | D        | Killed a shining eye
   327 | D        | Reached XP level 10. HP: 77/77 MP: 6/6
  1892 | D        | Found Potz's Antique Armour Shoppe.
  1892 | D        | Found Taddi's Distillery.
  1892 | D        | Found Pimuplodd's General Store.
  1892 | D        | Found Xiroepef's Book Boutique.
  1912 | D        | Bought a scroll of fear for 56 gold pieces
  1912 | D        | Bought a scroll of identify for 28 gold pieces
  1912 | D        | Bought a scroll of identify for 28 gold pieces
  1921 | D        | Bought a potion of cancellation for 112 gold pieces
  1921 | D        | Bought a potion of curing for 42 gold pieces
  1921 | D        | Bought a potion of might for 56 gold pieces
  1921 | D        | Bought a potion of curing for 42 gold pieces
  1990 | D        | Noticed a centaur warrior
  1990 | D        | Noticed a centaur warrior
  1996 | D        | Killed a centaur warrior
  1997 | D        | Reached skill level 1 in Stealth
  1997 | D        | Reached skill level 13 in Unarmed Combat
  1999 | D        | Killed a centaur warrior
  2000 | D        | Reached skill level 10 in Fighting
  2045 | D        | Reached skill level 14 in Unarmed Combat
  2071 | D        | Found a burning altar of Makhleb.
  2071 | D        | Found a viscous altar of Jiyva.
  2071 | D        | Found a shimmering altar of Xom.
  2071 | D        | Found a corrupted altar of Lugonu.
  2091 | D        | Paralysed by a floating eye for 3 turns
  2100 | D        | Reached skill level 10 in Dodging
  2101 | D        | Noticed a sun demon
  2110 | D        | Noticed a demonic crawler
  2110 | D        | Noticed a demonic crawler
  2110 | D        | Noticed a demonic crawler
  2110 | D        | Noticed a demonic crawler
  2113 | D        | Slain by a demonic crawler

Illustrated notes

Levels and vault maps discovered:
D:        dungeon_sprint_1 [red_sonja_temple_1, red_sonja_temple_small_1]

Skill      XL: |  1  2  3  4  5  6  7  8  9 10 |
---------------+-------------------------------+-----
Fighting       | 3 4 6 7 8 9 10 | 10.1
Dodging        | 3 4 6 7 8 9 10 | 10.0
Shields        | 4 5 6 8 9 10 11 | 11.8
Unarmed Combat | 3 5 6 8 10 12 14 | 14.7
Evocations     | 1 2 |  2.1
Stealth        | 2 |  2.5

Action                     |  1- 3 |  4- 6 |  7- 9 | 10-12 || total
---------------------------+-------+-------+-------+-------++-------
  Melee: Unarmed           |    16 |    21 |    36 |    33 ||   106
  Evoke: Wand              |     1 |     2 |       |     1 ||     4
    Use: Potion            |       |     3 |       |       ||     3
 Armour: Robe              |     1 |     1 |       |     5 ||     7
  Dodge: Dodged            |     3 |     3 |       |    21 ||    27
  Block: Kite shield       |     4 |     9 |       |    25 ||    38

Table legend: (Time is in decaauts)
 A = Elapsed time spent in this place.
 B = Non-inter-level travel time spent in this place.
 C = Inter-level travel time spent in this place.
 D = Time resting spent in this place.
 E = Time spent auto-exploring this place.
 F = Levels seen in this place.
 G = Mean time per level.
                   A        B        C        D        E       F      G
               +--------+--------+--------+--------+--------+-----+--------+
         Total |   2991 |   2991 |      0 |   2418 |      0 |   1 | 2991.0 |
       Dungeon |   2991 |   2991 |      0 |   2418 |      0 |   1 | 2991.0 |
               +--------+--------+--------+--------+--------+-----+--------+

Top non-repeatable levels by time:
       D: 2991 daAuts
